 Dungeon Crawl Stone Soup version 0.30-a0-989-g0d87f670db (webtiles) character file.

Game seed: 4685008667382947839

1540 jtron the Shooter (level 8, -3/60 HPs)
             Began as a Demonspawn Monk on Apr 3, 2023.
             Was a Believer of Fedhas.
             Slain by a two-headed ogre
             ... wielding a +0 giant spiked club
              (16 damage)
             ... on level 6 of the Dungeon.
             The game lasted 00:14:10 (5689 turns).

jtron the Shooter (Demonspawn Monk)                 Turns: 5689, Time: 00:14:11

Health: -3/60      AC: 15    Str: 11    XL:     8   Next: 56%
Magic:  12/12      EV: 13    Int: 14    God:    Fedhas [**....]
Gold:   405        SH:  0    Dex: 16    Spells: 12/13 levels left

rFire   . . .      SeeInvis .    a - +1 dagger (protect)
rCold   . . .      Faith    .    (no shield)
rNeg    + . .      Spirit   .    k - +2 robe
rPois   .          Reflect  .    (helmet restricted)
rElec   .          Rampage  .    j - +1 cloak
rCorr   .                        (no gloves)
Will    .....                    n - +1 pair of boots
Stlth   ++                       (no amulet)
HPRegen 0.30/turn                q - ring of positive energy
MPRegen 0.13/turn                (no ring)

@: mighty, under a protective aura, flying
A: antennae 2, hooves 1, foul stench 1, spiny 1
a: Renounce Religion, Wall of Briars


You were on level 6 of the Dungeon.
You worshipped Fedhas.
Fedhas was pleased with you.
You visited 1 branch of the dungeon, and saw 6 of its levels.

You collected 405 gold pieces.

Inventory:

Hand Weapons
 a - a +1 dagger of protection (weapon)
 b - a +1 sling
Missiles
 d - 43 stones
 t - 4 poisoned darts (quivered)
 B - 6 boomerangs
Armour
 j - a +1 cloak (worn)
 k - a +2 robe (worn)
 n - a +1 pair of boots (worn)
 y - a +0 helmet
Jewellery
 q - a ring of positive energy (left hand)
Wands
 w - a wand of iceblast (2)
Scrolls
 g - 2 scrolls of identify
 l - 2 scrolls of magic mapping
 o - a scroll of blinking {unknown}
 p - a scroll of fear
 r - 2 scrolls of enchant armour
Potions
 c - 2 potions of ambrosia
 e - a potion of degeneration {unknown}
 f - a potion of brilliance
 h - 2 potions of flight
 i - a potion of mutation {unknown}
 m - a potion of berserk rage {unknown}
 s - a potion of might
 u - a potion of cancellation {unknown}
 v - 3 potions of curing
 z - a potion of heal wounds {unknown}


   Skills:
 + Level 4.2 Fighting
 + Level 4.1 Short Blades
 + Level 4.7 Ranged Weapons
 + Level 0.7 Throwing
 - Level 3.1 Dodging
 - Level 3.0 Stealth
 * Level 3.3 Spellcasting
 * Level 2.9 Transmutations
 * Level 2.9 Poison Magic
 * Level 4.1 Invocations
 + Level 1.5 Evocations


You had 12 spell levels left.
You knew the following spells:

 Your Spells              Type           Power      Damage    Failure   Level
a - Sting                 Tmut/Pois      40%        1d5       6%          1

Your spell library contained the following spells:

 Spells                   Type           Power      Damage    Failure   Level
 Blink                    Tloc           4%         N/A       32%         2
 Scorch                   Fire           4%         2d5       32%         2
 Ice Form                 Ice/Tmut       6%         N/A       75%         4
 Flame Wave               Conj/Fire      2%         2d4       91%         4
 Manifold Assault         Tloc           2%         N/A       91%         4
 Sticky Flame             Conj/Fire      2%         2d3       91%         4
 Arcjolt                  Conj/Air       1%         1d11      99%         5
 Summon Cactus Giant      Summ           1%         N/A       100%        6
 Storm Form               Tmut/Air       3%         N/A       100%        7
 Chain Lightning          Conj/Air       1%         3d1       100%        9
 Fire Storm               Conj/Fire      1%         7d1       100%        9
 Shatter                  Erth           1%         3d5*      100%        9


Dungeon Overview and Level Annotations

Branches:
Dungeon (6/15)             Temple (0/1) D:5

Altars:
Ashenzari
Fedhas
Kikubaaqudgha
Makhleb
Sif Muna


Innate Abilities, Weirdness & Mutations

You have a pair of antennae on your head.
You have large cloven feet.
You may rarely emit foul miasma when damaged in melee.
You are partially covered in sharp spines.


Message History

The poisoned dart hits the two-headed ogre.
The two-headed ogre is poisoned.
Throw: 5 darts (poison)
Press: ? - help, Q - select action, (/) - cycle Shift-Dir - straight line, f/p - two-headed ogre
Aim: a two-headed ogre, wielding two +0 giant spiked clubs (poisoned, 76% to hit)
You throw a poisoned dart.
The poisoned dart hits the two-headed ogre.
The two-headed ogre looks even sicker.
The two-headed ogre looks more healthy.
You feel very buoyant.
You fly up into the air.
You feel very mighty all of a sudden.
You hit the two-headed ogre.
Your weapon exudes an aura of protection.
The two-headed ogre is lightly wounded.
You puncture the two-headed ogre!
The two-headed ogre is moderately wounded.
The two-headed ogre is struck by your spines.
The two-headed ogre barely misses you.
The two-headed ogre hits you with a +0 giant spiked club!
You puncture the two-headed ogre!
The two-headed ogre is heavily wounded.
You puncture the two-headed ogre!
The two-headed ogre is severely wounded.
The two-headed ogre hits you with a +0 giant spiked club.
The two-headed ogre barely misses you.
You hit the two-headed ogre.
The two-headed ogre is severely wounded.
The two-headed ogre misses you.
The two-headed ogre hits you with a +0 giant spiked club!
You hit the two-headed ogre.
The two-headed ogre is severely wounded.
You barely miss the two-headed ogre.
The two-headed ogre is severely wounded.
The two-headed ogre is struck by your spines.
The two-headed ogre hits you with a +0 giant spiked club!!
* * * LOW HITPOINT WARNING * * *
The two-headed ogre hits you with a +0 giant spiked club!
You die...
Fedhas appreciates your contribution to the ecosystem.

#..................#
...................#
...................#
...................#
...................#
...................#######
#.....##+####....[.......#
#.....'.....#............#
#.....#.....+...@........#
####+##.....#...O...)....######
##..........#.................#
##...##.....#..............>..#
.....##.....#......###'##.....#
............#......#....'.....#
............#......#....#.....#
#######.....#......#....#######
#.....#......#....#


You could see a two-headed ogre.

Vanquished Creatures
  Pikel (D:4)
  An ice beast (D:5)
  A centaur (D:6)
  A bullfrog (D:6)
  2 scorpions
  A howler monkey (D:5)
  A crimson imp (D:4)
  An orc priest (D:4)
  Jessica (D:2)
  An iguana (D:6)
  Ijyb (D:3)
  An orc wizard (D:4)
  Robin (D:4)
  9 adders
  2 white imps
  An ufetubus (D:5)
  A worm (D:3)
  2 dart slugs
  7 orcs
  11 ball pythons
  11 endoplasms
  8 giant cockroaches
  15 goblins
  7 hobgoblins
  A jackal (D:3)
  5 kobolds
  2 quokkas (D:5)
  5 bats
  4 frilled lizards
  6 rats
111 creatures vanquished.

Vanquished Creatures (collateral kills)
  A water moccasin (D:4)
  An ogre (D:5)
  A gnoll sergeant (D:6)
  A hound (D:4)
  3 gnolls (D:6)
  3 goblins (D:4)
10 creatures vanquished.

Vanquished Creatures (others)
  2 plants (D:5)
2 creatures vanquished.

Grand Total: 123 creatures vanquished

Notes
Turn   | Place    | Note
-------+----------+-------------------------------------------
     0 | D:1      | jtron the Demonspawn Monk began the quest for the Orb.
     0 | D:1      | Reached XP level 1. HP: 18/18 MP: 1/1
   207 | D:1      | Gained mutation: You may rarely emit foul miasma when
                  | damaged in melee. [demonic ancestry]
   207 | D:1      | Reached XP level 2. HP: 17/24 MP: 2/2
   909 | D:1      | Reached XP level 3. HP: 29/29 MP: 3/3
  1346 | D:2      | Noticed Jessica
  1357 | D:2      | Killed Jessica
  1358 | D:2      | Reached skill level 1 in Ranged Weapons
  1358 | D:2      | Reached skill level 1 in Spellcasting
  1443 | D:2      | Gained mutation: You are partially covered in sharp spines.
                  | [demonic ancestry]
  1443 | D:2      | Reached XP level 4. HP: 12/35 MP: 5/5
  2114 | D:3      | Found an ancient bone altar of Kikubaaqudgha.
  2192 | D:3      | Found a shimmering blue altar of Sif Muna.
  2359 | D:3      | Found a blossoming altar of Fedhas.
  2672 | D:3      | Reached XP level 5. HP: 34/41 MP: 7/7
  2769 | D:3      | Got the Tome of Bolts and Shaping
  2831 | D:3      | Noticed Ijyb
  2847 | D:3      | Killed Ijyb
  2955 | D:3      | Found a broken altar of Ashenzari.
  2955 | D:3      | Found a burning altar of Makhleb.
  3157 | D:3      | Became a worshipper of Fedhas Madash
  3157 | D:3      | Reached * piety under Fedhas
  3157 | D:3      | Reached ** piety under Fedhas
  3227 | D:4      | Noticed a lemure
  3299 | D:4      | Learned a level 1 spell: Sting
  3530 | D:4      | Noticed a lemure
  3531 | D:4      | Noticed Pikel
  3532 | D:4      | Noticed a lemure
  3533 | D:4      | Noticed a lemure
  3535 | D:4      | Killed Pikel
  3536 | D:4      | Reached skill level 1 in Transmutations
  3536 | D:4      | Reached skill level 1 in Poison Magic
  3536 | D:4      | Discovered your monstrous ancestry.
  3536 | D:4      | Gained mutation: You have a pair of small antennae on your
                  | head. [demonic ancestry]
  3536 | D:4      | Reached XP level 6. HP: 48/48 MP: 9/9
  3536 | D:4      | Gained mutation: You have large cloven feet. [demonic
                  | ancestry]
  3536 | D:4      | Reached XP level 7. HP: 53/53 MP: 10/10
  3552 | D:4      | Reached skill level 1 in Evocations
  3707 | D:4      | Noticed Robin
  3710 | D:4      | Killed Robin
  4119 | D:5      | Entered Level 5 of the Dungeon
  4370 | D:5      | Gained mutation: You have a pair of antennae on your head.
                  | [demonic ancestry]
  4370 | D:5      | Reached XP level 8. HP: 60/60 MP: 12/12
  4605 | D:5      | Found a staircase to the Ecumenical Temple.
  5158 | D:6      | Noticed a two-headed ogre
  5689 | D:6      | Slain by a two-headed ogre

Illustrated notes

Levels and vault maps discovered:
D:1:      minmay_arrival_checkered_box, layout_basic
D:2:      layout_basic, uniq_jessica
D:3:      minmay_skewed_foursquare, layout_loops_ring, lemuel_doored_altar,
          general_overflow_altar, mainiacjoe_overflow_cross_hatched,
          gammafunk_temple_overflow_pools, uniq_ijyb
D:4:      layout_basic, minmay_fire_ice_demons, uniq_pikel, uniq_robin
D:5:      layout_basic, lemuel_temple_firewalk_a, amcnicky_mini_pool_small,
          minmay_door_square, guppyfry_early_lair_pool
D:6:      lemuel_slime, layout_gridville, minmay_manual_macuahuitl

Skill      XL: |  1  2  3  4  5  6  7  8 |
---------------+-------------------------+-----
Dodging        | 3 |  3.1
Stealth        | 2 3 |  3.0
Short Blades   | 3 4 |  4.1
Ranged Weapons | 1 2 3 4 |  4.7
Spellcasting   | 1 2 3 |  3.3
Transmutations | 1 2 |  2.9
Poison Magic   | 1 2 |  2.9
Invocations    | 2 3 4 |  4.1
Evocations     | 1 |  1.5
Fighting       | 4 |  4.2
Throwing       | |  0.7

Action                     |  1- 3 |  4- 6 |  7- 9 || total
---------------------------+-------+-------+-------++-------
  Melee: Short sword       |    68 |    26 |       ||    94
         Punch             |     1 |     1 |     1 ||     3
         Dagger            |       |       |    73 ||    73
         Kick              |       |       |    19 ||    19
   Fire: Sling             |    41 |    74 |    21 ||   136
  Throw: Dart              |       |       |    11 ||    11
         Boomerang         |       |       |     1 ||     1
   Cast: Sting             |       |       |     1 ||     1
 Invoke: Wall of Briars    |       |       |     8 ||     8
  Evoke: Wand              |       |     8 |     1 ||     9
    Use: Potion            |     1 |     1 |     2 ||     4
         Scroll            |       |     3 |    14 ||    17
   Stab: Sleeping          |     5 |       |     2 ||     7
 Armour: Robe              |    17 |     8 |    24 ||    49
  Dodge: Dodged            |    47 |    12 |    66 ||   125

Table legend: (Time is in decaauts)
 A = Elapsed time spent in this place.
 B = Non-inter-level travel time spent in this place.
 C = Inter-level travel time spent in this place.
 D = Time resting spent in this place.
 E = Time spent auto-exploring this place.
 F = Levels seen in this place.
 G = Mean time per level.
                   A        B        C        D        E       F      G
               +--------+--------+--------+--------+--------+-----+--------+
         Total |   5697 |   5371 |    326 |    545 |   3793 |   6 |  949.5 |
       Dungeon |   5697 |   5371 |    326 |    545 |   3793 |   6 |  949.5 |
               +--------+--------+--------+--------+--------+-----+--------+

Top non-repeatable levels by time:
     D:1: 1349 daAuts
     D:3: 1165 daAuts
     D:5: 1032 daAuts
     D:4: 901 daAuts
     D:2: 714 daAuts
     D:6: 534 daAuts
